 Dungeon Crawl Stone Soup version 0.16-a0-2979-g562a0a4 (webtiles) character file.

1933 Ratboiler the Basher (level 9, 0/92 HPs)
             Began as an Ogre Wanderer on Dec 5, 2014.
             Was a Priest of Lugonu.
             Slain by a killer bee (3 damage)
             ... on level 7 of the Dungeon.
             The game lasted 00:24:37 (9939 turns).

Ratboiler the Basher (Ogre Wanderer)                Turns: 9939, Time: 00:24:38

Health: 0/92       AC:  0    Str: 24    XL:     9   Next: 17%
Magic:  21/21      EV: 14    Int: 11    God:    Lugonu [***...]
Gold:   293        SH:  0    Dex: 12    Spells: 1 memorised, 6 levels left

rFire  + . .     SeeInvis .     b - +1 morningstar
rCold  . . .     Clarity  .     d - +0 robe
rNeg   . . .     SustAb   .     (shield restricted)
rPois  +         Gourm    .     g - +0 hat
rElec  +         Spirit   .     N - -5 cloak of Ghucro {rElec rF+ Slay+5} (curse)
rCorr  .         Warding  .     (gloves unavailable)
rMut   .         Stasis   .     (boots unavailable)
MR     .....                    (no amulet)
Stlth  ++........               z - ring of poison resistance
                                (no ring)

@: agile, not resistant to hostile enchantments, unstealthy
A: unfitting armour, tough skin 1
a: Depart the Abyss, Bend Space, Banish, Renounce Religion


You were on level 7 of the Dungeon.
You worshipped Lugonu.
Lugonu was most pleased with you.
You were not hungry.

You visited 2 branches of the dungeon, and saw 9 of its levels.
You also visited: Ossuary.

You collected 293 gold pieces.

Inventory:

Hand weapons
 a - a cursed +2 shortbow
 b - a +1 morningstar (weapon)
 c - a +0 hunting sling
Missiles
 e - 78 arrows
 r - 60 stones (quivered)
 w - 8 arrows of frost
 A - 2 throwing nets
 C - 47 poisoned needles
 E - 8 sling bullets
Armour
 d - a +0 robe (worn)
 g - a +0 hat (worn)
 M - a +0 cloak
 N - the cursed -5 cloak of Ghucro (worn) {rElec rF+ Slay+5}
   (You found it on level 7 of the Dungeon)

   It affects your accuracy and damage with ranged weapons and melee attacks
   (+5).
   It protects you from fire.
   It insulates you from electricity.
   It has a curse placed upon it.
Jewellery
 z - a ring of poison resistance (right hand)
Scrolls
 i - a scroll of blinking
 k - a scroll of random uselessness {unknown}
 p - 2 scrolls of recharging
 q - a scroll of immolation {unknown}
 t - 6 scrolls of enchant weapon
 u - a scroll of fog {unknown}
 y - a scroll of noise
 D - a scroll of teleportation
 J - a scroll of vulnerability
 K - a scroll of amnesia {unknown}
Potions
 h - a potion of ambrosia {unknown}
 j - 2 potions of degeneration {unknown}
 l - 5 potions of curing
 m - 2 potions of lignification {unknown}
 n - 4 potions of flight {unknown}
 o - 2 potions of magic {unknown}
 s - a potion of cancellation
 v - 2 potions of resistance
 B - 3 potions of brilliance
 G - 2 potions of mutation {unknown}
Books
 H - a Young Poisoner's Handbook

   Spells                             Type                      Level
   a - Sting                          Conjuration/Poison           1
   b - Cure Poison                    Poison                       2
   c - Mephitic Cloud                 Conjuration/Poison/Air       3
   d - Olgreb's Toxic Radiance        Poison                       4
   e - Venom Bolt                     Conjuration/Poison           5
 L - a book of Frost

   Spells                             Type                      Level
   a - Freeze                         Ice                          1
   b - Throw Frost                    Conjuration/Ice              2
   c - Ozocubu's Armour               Charms/Ice                   3
   d - Throw Icicle                   Conjuration/Ice              4
   e - Summon Ice Beast               Ice/Summoning                4
   f - Condensation Shield            Ice                          4
Comestibles
 f - 4 meat rations
 x - 3 bread rations


   Skills:
 - Level 6.6 Fighting
 - Level 10.0 Maces & Flails
 - Level 1.3 Bows
 - Level 2.3 Throwing
 - Level 1.0 Armour
 + Level 9.3 Invocations


You had 6 spell levels left.
You knew the following spells:

 Your Spells              Type           Power        Failure   Level  Hunger
a - Cure Poison           Pois           #.........   56%         2    ###....


Dungeon Overview and Level Annotations

Branches:
Dungeon (8/15)             Temple (1/1) D:5
   Lair: D:8-11

Altars:
Cheibriados
Dithmenos
Elyvilon
Fedhas
Gozag
Kikubaaqudgha
Nemelex Xobeh
Okawaru
Qazlal
Sif Muna
Xom
The Shining One
Lugonu


Innate Abilities, Weirdness & Mutations

You are too large for most types of armour.
You have tough skin (AC +1).


Message History

* * * LOW HITPOINT WARNING * * *
Drink which item? (? for menu, Esc to quit)
You feel better. The killer bee stings you.
* * * LOW HITPOINT WARNING * * *
The killer bee stings you.
* * * LOW HITPOINT WARNING * * *
You barely miss the killer bee.
The killer bee is almost dead.
The killer bee stings you!
* * * LOW HITPOINT WARNING * * *
The killer bee barely misses you.
Drink which item? (? for menu, Esc to quit)
You feel better. The killer bee completely misses you.
The killer bee barely misses you.
Drink which item? (? for menu, Esc to quit)
You feel agile all of a sudden. The killer bee stings you!
* * * LOW HITPOINT WARNING * * *
The killer bee stings you.
You die...

##### #...#
#...# #...#
#######...#
#..yyy@...#
....#####...#
#...# #...#
#...# #...#
#.###
###############
#.#
..............#
#.#


You could see 3 killer bees.

Vanquished Creatures
  The ghost of Ratboiler the Slasher, an average OpWn of Zin (D:4)
  A hippogriff (D:7)
  A water moccasin (D:5)
  2 sky beasts
  An ice beast (D:6)
  A giant frog (D:7)
  3 scorpions
  3 killer bees (D:7)
  A crimson imp (D:6)
  A centaur zombie (D:5)
  A giant frog zombie (D:7)
  A jelly (D:7)
  A hound (D:5)
  A giant frog skeleton (D:4)
  2 orc wizards
  3 worker ants
  An iguana (D:5)
  A big kobold zombie (Ossuary)
  A hound skeleton (D:6)
  A hound zombie (Ossuary)
  4 mummies (Ossuary)
  13 adders
  4 gnolls (D:6)
  2 shadow imps
  A worm (D:3)
  An adder skeleton (D:6)
  2 adder zombies (Ossuary)
  An ooze (D:3)
  12 orcs
  10 bats
  3 bat skeletons
  21 goblins
  10 hobgoblins
  8 jackals
  12 kobolds
  3 quokkas
  3 giant cockroaches
  2 giant geckos
  A giant gecko skeleton (D:7)
  4 giant newts (D:1)
  A goblin zombie (D:6)
  2 hobgoblin zombies (Ossuary)
  A jackal skeleton (D:5)
  A jackal zombie (D:5)
  4 kobold zombies
  An orc zombie (Ossuary)
  7 rats
  2 rat zombies
  A ballistomycete (D:6)
165 creatures vanquished.

Vanquished Creatures (collateral kills)
  A black bear (D:7)
  A hound (D:7)
  An orc priest (D:7)
  3 orcs (D:7)
6 creatures vanquished.

Vanquished Creatures (others)
  A hungry ghost (D:7)
  A giant frog (D:7)
  A centaur skeleton (D:6)
  A big kobold zombie (Ossuary)
  An adder zombie (D:6)
  A giant spore (D:6)
  A quokka skeleton (D:7)
7 creatures vanquished.

Grand Total: 178 creatures vanquished

Notes
Turn   | Place    | Note
--------------------------------------------------------------
     0 | D:1      | Ratboiler, the Ogre Wanderer, began the quest for the Orb.
     0 | D:1      | Ratboiler set off with: a +2 shortbow, a scroll of teleportation, a +0 robe, 22 arrows, a meat ration
     0 | D:1      | Reached XP level 1. HP: 29/29 MP: 1/1
   168 | D:1      | Reached skill level 1 in Maces & Flails
   302 | D:1      | Reached XP level 2. HP: 30/37 MP: 2/2
   971 | D:2      | Reached XP level 3. HP: 37/45 MP: 3/3
  1002 | D:2      | Found a shadowy altar of Dithmenos.
  1869 | D:2      | Found a white marble altar of Elyvilon.
  2089 | D:3      | Found an ancient bone altar of Kikubaaqudgha.
  2137 | D:3      | Reached XP level 4. HP: 50/53 MP: 4/4
  2625 | D:3      | Reached skill level 5 in Maces & Flails
  2726 | D:3      | Found a glowing golden altar of the Shining One.
  3020 | D:4      | Noticed Ratboiler's ghost (average OpWn)
  3342 | D:4      | Noticed an ice beast
  3391 | D:4      | Killed Ratboiler's ghost
  3391 | D:4      | Reached skill level 7 in Maces & Flails
  3391 | D:4      | Reached XP level 5. HP: 34/61 MP: 5/5
  3391 | D:4      | Reached XP level 6. HP: 37/68 MP: 6/6
  3908 | D:4      | Reached skill level 8 in Maces & Flails
  4036 | D:5      | Entered Level 5 of the Dungeon
  4169 | D:5      | Found a staircase to the Ecumenical Temple.
  4178 | Temple   | Entered the Ecumenical Temple
  4217 | Temple   | Became a worshipper of Lugonu the Unformed
  4217 | Temple   | Acquired Lugonu's first power
  4463 | D:5      | Reached skill level 9 in Maces & Flails
  4463 | D:5      | Reached XP level 7. HP: 41/76 MP: 7/7
  4659 | D:5      | Noticed a water moccasin
  4677 | D:5      | Killed a water moccasin
  5259 | D:5      | Reached skill level 10 in Maces & Flails
  5436 | D:5      | Reached skill level 1 in Invocations
  5536 | D:5      | Acquired Lugonu's second power
  6182 | D:6      | Found a sand-covered staircase.
  6192 | Ossuary  | Entered an ossuary
  6530 | Ossuary  | Reached XP level 8. HP: 38/84 MP: 11/13
  6791 | Ossuary  | Learned a level 2 spell: Cure Poison
  7206 | D:6      | Found a blossoming altar of Fedhas.
  7217 | D:6      | Found a stormy altar of Qazlal.
  7559 | D:6      | Reached skill level 5 in Invocations
  8024 | D:6      | Acquired Lugonu's third power
  8766 | D:7      | Found an opulent altar of Gozag.
  8768 | D:7      | Got an ancient cloak
  8776 | D:7      | Identified the cursed -5 cloak of Ghucro {rElec rF+ Slay+5} (You found it on level 7 of the Dungeon)
  9342 | D:8      | Reached XP level 9. HP: 35/92 MP: 20/20
  9939 | D:7      | HP: 3/92 [killer bee (9)]
  9939 | D:7      | Slain by a killer bee

Action                   |  1- 3 |  4- 6 |  7- 9 || total
-------------------------+-------+-------+-------++-------
Melee: Club              |    75 |       |       ||    75
       Flail             |    37 |   122 |    70 ||   229
       Morningstar       |       |       |   259 ||   259
 Fire: Shortbow          |    23 |     4 |       ||    27
       Hunting sling     |       |    12 |       ||    12
Throw: Stone             |       |       |     5 ||     5
Invok: Banish            |       |       |     2 ||     2
  Use: Scroll            |     1 |     2 |    16 ||    19
       Potion            |       |       |     5 ||     5
  Eat: Chunk             |     2 |     6 |    10 ||    18
       Beef jerky        |     1 |       |       ||     1
       Fruit             |       |     2 |     3 ||     5
       Bread ration      |       |       |     1 ||     1
       Pizza             |       |       |     1 ||     1
